 Dungeon Crawl Stone Soup version 0.29.1-15-g9cfb28693d (webtiles) character file.

Game seed: 10678878268158323599

37 Descartes the Ducker (level 3, -1/17 HPs)
             Began as a Felid Monk on Mar 1, 2023.
             Slain by a goblin
             ... wielding a +0 dagger
             ... led by Robin
              (3 damage)
             ... on level 2 of the Dungeon.
             The game lasted 00:04:22 (3557 turns).

Descartes the Ducker (Felid Monk)                   Turns: 3557, Time: 00:04:22

Health: -1/17      AC:  1    Str:  9    XL:     3   Next: 21%
Magic:  4/4        EV: 19    Int: 11    God:
Gold:   75         SH:  0    Dex: 18    Spells: 2/2 levels left
                                        Lives:  0   Deaths: 1

rFire   . . .      SeeInvis +     - Unarmed
rCold   . . .      Faith    .   (shield unavailable)
rNeg    . . .      Spirit   .   (body armour unavailable)
rPois   .          Reflect  .   (helmet unavailable)
rElec   .          Harm     .   (cloak unavailable)
rCorr   .          Rampage  .   (gloves unavailable)
Will    .....                   (boots unavailable)
Stlth   +++.......              (no amulet)
HPRegen 0.05/turn               (no ring)
MPRegen 0.09/turn               (no ring)

@: quick
A: very small, claws 1, fangs 3, see invisible, speed 1, shaggy fur 1, stealthy
paws, no weapons or thrown items, no armour, multi-lived
a: no special abilities


You were on level 2 of the Dungeon.
You visited 1 branch of the dungeon, and saw 3 of its levels.

You collected 75 gold pieces.

Inventory:

Jewellery
 c - a ring of fire
Scrolls
 b - 2 scrolls of teleportation {unknown}
 d - 3 scrolls of identify {unknown}
 g - a scroll of acquirement {unknown}
 h - a scroll of blinking {unknown}
 j - a scroll of immolation {unknown}
 k - a scroll of vulnerability {unknown}
 l - a scroll of noise {unknown}
Potions
 e - a potion of curing {unknown}
 f - a potion of haste {unknown}
 i - a potion of lignification {unknown}


   Skills:
 + Level 3.6 Fighting
 + Level 4.8 Dodging
 + Level 3.9 Stealth
 + Level 3.6 Unarmed Combat


You had 2 spell levels left.
You didn't know any spells.
Your spell library contained the following spells:

 Spells                   Type           Power      Damage    Failure   Level
 Scorch                   Fire           0%         2d5       47%         2
 Flame Wave               Conj/Fire      0%         2d4       98%         4
 Summon Forest            Summ/Tloc      0%         N/A       100%        5
 Summon Mana Viper        Hex/Summ       0%         N/A       100%        5
 Summon Cactus Giant      Summ           0%         N/A       100%        6


Dungeon Overview and Level Annotations

Branches:
Dungeon (3/15)

Altars:

Shops:
D:1 (

Annotations:
D:2 Natasha, Robin


Innate Abilities, Weirdness & Mutations

You have sharp claws.
You have razor-sharp teeth.
You have supernaturally acute eyesight. (SInv)
You cover ground quickly. (Speed+)
You are covered in fur. (AC +1)
Your paws help you pounce on unaware monsters.
You are incapable of wielding weapons or throwing items.
You cannot wear armour.
You gain extra lives every three experience levels.


Message History

The goblin closely misses you.
You scratch Robin.
Robin is moderately wounded.
Natasha mumbles some strange words.
Natasha shimmers violently.
Robin hits you with a +0 club. The goblin closely misses you.
You closely miss Robin.
Robin is moderately wounded.
Robin barely misses you. The goblin completely misses you.
Natasha growls.
You scratch Robin.
Robin is heavily wounded.
Robin closely misses you. The goblin closely misses you.
You barely miss Robin.
Robin is heavily wounded.
Natasha claws you. Robin completely misses you. The goblin misses you.
You scratch Robin but do no damage.
Robin is heavily wounded.
Natasha closely misses you. Robin barely misses you.
The goblin hits you but does no damage.
You scratch Robin.
Robin is severely wounded.
Natasha claws you!
You are too injured to fight recklessly!
You are too injured to fight recklessly!
You are too injured to fight recklessly!
You are too injured to fight recklessly!
You are too injured to fight recklessly!
You are too injured to fight recklessly!
You are too injured to fight recklessly!
You are too injured to fight recklessly!
You are too injured to fight recklessly!
Unknown command.
The goblin hits you with a +0 dagger.
* * * LOW HITPOINT WARNING * * *
The goblin barely misses you. Robin throws the goblin at you!
* * * LOW HITPOINT WARNING * * *
The goblin hits you with a +0 dagger.
You die...

.#.#.#(######################....
.#.#.#..................)......#.
.#.#.#.#########################.
.....#.# #########* #.
##)###.#### ####........* ##
...##.....# #...........*#####
#####.....######...........,.....
#.....##...............,....)
#.....##....@.gh.......,.....
#...(.'....g...........,.....
#.....####.............,.....
####### #.............,.....
#.............,.....
#.............*#####
#.....########* #.....# #.....#


You could see Robin, Natasha and a goblin (strong).

Vanquished Creatures
  Jessica (D:2)
  An adder (D:2)
  4 ball pythons
  5 bats
  6 endoplasms
  2 giant cockroaches (D:2)
  7 goblins
  5 hobgoblins
  2 jackals (D:2)
  3 frilled lizards (D:1)
  2 kobolds (D:2)
  5 rats
43 creatures vanquished.

Notes
Turn   | Place    | Note
-------+----------+-------------------------------------------
     0 | D:1      | Descartes the Felid Monk began the quest for the Orb.
     0 | D:1      | Reached XP level 1. HP: 10/10 MP: 2/2
   390 | D:1      | Found Quturat's Weapon Boutique.
   430 | D:1      | Found a faded altar of an unknown god.
   433 | D:1      | Reached XP level 2. HP: 14/14 MP: 3/3
  1219 | D:2      | Noticed Robin
  1267 | D:2      | Reached XP level 3. HP: 9/17 MP: 4/4
  1657 | D:2      | Noticed Jessica
  1663 | D:2      | Killed Jessica
  1918 | D:2      | Reached XP level 4. HP: 7/21 MP: 5/5
  2762 | D:3      | Noticed Natasha
  2782 | D:2      | Killed from afar by Natasha
  2783 | D:2      | Reached XP level 3. HP: 0/17 MP: 4/4
  3557 | D:2      | Slain by a goblin

Illustrated notes

Levels and vault maps discovered:
D:1:      dpeg_arrival_boxes_within_box, layout_basic, serial_shops,
          nicolae_shop_advertising_works [nicolae_subvault_shop_adworks],
          hellmonk_ecumenical_altar_arch_garden
D:2:      layout_basic, uniq_jessica, uniq_robin
D:3:      layout_rooms, minivault_23, minmay_misc_feat_tiny, kennysheep_nub,
          uniq_natasha

Skill      XL: |  1 |
---------------+----+-----
Stealth        | 3 |  3.9
Fighting       | |  3.6
Dodging        | |  4.8
Unarmed Combat | |  3.6

Action                   |  1- 3 |  4- 6 || total
-------------------------+-------+-------++-------
Melee: Unarmed           |    98 |    29 ||   127
       Punch             |     3 |     1 ||     4
       Bite              |     4 |     3 ||     7
  Use: Potion            |       |     2 ||     2
 Stab: Sleeping          |    10 |     1 ||    11
Armor: Skin              |     6 |     3 ||     9
Dodge: Dodged            |    95 |    44 ||   139
